 Dungeon Crawl Stone Soup version 0.28.0-43-g3370ac3207 (webtiles) character file.

Game seed: 17445130559379438379

99 Peloso the Covered (level 4, -5/40 HPs)
             Began as a Minotaur Fighter on Mar 22, 2022.
             Slain by Terence
             ... wielding a +6 flail of protection
              (11 damage)
             ... on level 3 of the Dungeon.
             The game lasted 00:02:50 (1915 turns).

Peloso the Covered (Minotaur Fighter)               Turns: 1915, Time: 00:02:51

Health: -5/40      AC: 10    Str: 21    XL:     4   Next: 45%
Magic:  3/3        EV:  7    Int:  5    God:
Gold:   93         SH:  4    Dex: 11    Spells: 3/3 levels left

rFire   . . .      SeeInvis .   a - +0 long sword
rCold   . . .      Faith    .   c - +0 buckler
rNeg    . . .      Spirit   .   m - +0 chain mail
rPois   .          Reflect  .   (helmet restricted)
rElec   .          Harm     .   (no cloak)
rCorr   .          Rampage  .   (no gloves)
Will    .....                   h - +0 pair of boots
Stlth   ..........              (no amulet)
HPRegen 0.13/turn               (no ring)
MPRegen 0.08/turn               (no ring)

@: no status effects
A: horns 2, retaliatory headbutt
a: no special abilities


You were on level 3 of the Dungeon.
You visited 1 branch of the dungeon, and saw 3 of its levels.

You collected 93 gold pieces.

Inventory:

Hand Weapons
 a - a +0 long sword (weapon)
 b - a +4 spear
Armour
 c - a +0 buckler (worn)
 h - a +0 pair of boots (worn)
 j - a +0 scale mail
 m - a +0 chain mail (worn)
Scrolls
 f - a scroll of fog {unknown}
 i - 3 scrolls of identify {unknown}
 k - a scroll of enchant armour {unknown}
Potions
 d - a potion of might
 e - a potion of attraction {unknown}
 g - a potion of curing
 l - a potion of lignification {unknown}


   Skills:
 + Level 4.3 Fighting
 + Level 3.9 Long Blades
 + Level 4.6 Armour
 + Level 0.5 Dodging
 + Level 4.0 Shields


You had 3 spell levels left.
You didn't know any spells.
Your spell library contained the following spells:

 Spells                   Type           Power      Damage    Failure   Level
 Freeze                   Ice            0%         1d3       99%         1
 Frozen Ramparts          Ice            0%         1d2       100%        3
 Hailstorm                Conj/Ice       0%         3d3       100%        4


Dungeon Overview and Level Annotations

Branches:
Dungeon (3/15)

Altars:
Sif Muna

Annotations:
D:3 Terence


Innate Abilities, Weirdness & Mutations

You have a pair of horns on your head.
You reflexively headbutt those who attack you in melee.


Message History

You kill the ball python!
You barely miss the quokka. Your headbutt misses the quokka.
The quokka bites you but does no damage. x2
You completely miss the quokka. The quokka bites you.
You hit the quokka but do no damage.
The quokka bites you but does no damage.
The quokka bites you.
You barely miss the quokka. The quokka barely misses you.
You furiously retaliate!
You headbutt the quokka!
You kill the quokka!
Terence hits you with a +6 flail of protection!
Things that are here:
a quokka corpse; a ball python corpse You closely miss Terence.
Terence hits you with a +6 flail of protection.
Terence hits you with a +6 flail of protection!
* * * LOW HITPOINT WARNING * * *
You hit Terence but do no damage.
Terence shouts, "ATTACK!!!"
Terence closely misses you.
You hit Terence. Your headbutt misses Terence.
Terence is moderately wounded.
Terence hits you but does no damage.
You closely miss Terence. Your headbutt misses Terence.
Terence is moderately wounded.
Terence closely misses you.
You barely miss Terence. You headbutt Terence.
Terence is heavily wounded.
Terence drinks a potion.
Terence is healed!
Terence completely misses you.
You closely miss Terence. You headbutt Terence, but do no damage.
Terence is lightly wounded.
Terence hits you with a +6 flail of protection!
* * * LOW HITPOINT WARNING * * *
You closely miss Terence. You headbutt Terence.
Terence is moderately wounded.
Terence closely misses you.
You slash Terence! Your headbutt misses Terence.
Terence is severely wounded.
Terence hits you with a +6 flail of protection!
You die...

##.#..#.#..'......###
.....#.#.##......#
......#.........#
#..#.###'####'##
####..#.......##.#
........#.....##.#
........#.....##.#
..#.#####.....##.#
........#....<##@#
.##.###.#....(##@#
......# #.....##.#
###.#.# #...####'#
....#.# #..........#
....# # #......Sr..#
....# #........).#
....#. ####....@.=#
...... ###.....#


You could see Terence.

Vanquished Creatures
  4 adders
  An adder skeleton (D:2)
  A worm (D:2)
  An orc (D:3)
  2 bats (D:1)
  4 endoplasms
  A giant cockroach (D:3)
  3 hobgoblins
  6 jackals
  2 kobolds
  4 quokkas
  5 ball pythons
  13 frilled lizards
  6 goblins
  3 rats (D:2)
56 creatures vanquished.

Notes
Turn   | Place    | Note
-------+----------+-------------------------------------------
     0 | D:1      | Peloso the Minotaur Fighter began the quest for the Orb.
     0 | D:1      | Reached XP level 1. HP: 19/19 MP: 0/0
    34 | D:1      | Found a faded altar of an unknown god.
   222 | D:1      | Reached XP level 2. HP: 27/27 MP: 1/1
   923 | D:2      | Reached XP level 3. HP: 31/33 MP: 2/2
  1570 | D:3      | Reached XP level 4. HP: 39/40 MP: 3/3
  1680 | D:3      | Found a shimmering blue altar of Sif Muna.
  1896 | D:3      | Noticed Terence
  1915 | D:3      | Slain by Terence

Illustrated notes

Levels and vault maps discovered:
D:1:      nicolae_arrival_somewhat_less_tricky_arrival, layout_rooms,
          basic_ecumenical_altar
D:2:      layout_basic, minivault_5, minmay_lizard_pond
D:3:      layout_basic, mainiacjoe_overflow_cross_hatched,
          biasface_ghost_orc_armoury, uniq_crazy_yiuf_cottage, uniq_terence

Skill      XL: |  1  2  3 |
---------------+----------+-----
Armour         | 4 |  4.6
Fighting       | 4 |  4.3
Long Blades    | 3 |  3.9
Shields        | 4 |  4.0
Dodging        | |  0.5

Action                   |  1- 3 |  4- 6 || total
-------------------------+-------+-------++-------
Melee: Long sword        |    84 |    33 ||   117
       Headbutt          |     7 |     8 ||    15
  Use: Scroll            |     1 |       ||     1
Armor: Scale mail        |    66 |       ||    66
       Chain mail        |       |    15 ||    15
Dodge: Dodged            |    55 |    12 ||    67
Block: Buckler           |    27 |     3 ||    30
